Selects Australian Defense Battlegroup
Selects Australian Light Infantry Section
Australian Light Infantry Section
Australian Light Infantry Section
Australian Light Infantry Section
Construct Field Infirmary
Selects 2-pounder Anti-tank Gun Team
2-pounder Anti-tank Gun Team
Construct Section Command Post
Construct Platoon Command Post
Unlock Bishop Self-propelled Artillery
Bishop Self-propelled Artillery
2-pounder Anti-tank Gun Team
6-pounder Anti-tank Gun Team
Selects Vehicle Over Repair
Selects CMP 15cwt Supply Run
Selects Artillery Trip Wire Flares
Construct Company Command Post